 Dungeon Crawl Stone Soup version 0.31.0 (webtiles) character file.

Game seed: 13650135542811547732

1194 qw the Skirmisher (level 8, 0/49 HPs)
             Began as a Gargoyle Hunter on Jan 19, 2024.
             Was a Believer of Okawaru.
             Slain by Edmund
             ... wielding a +3 dire flail of protection
              (1 damage)
             ... on level 6 of the Dungeon.
             The game lasted 00:00:30 (5040 turns).

qw the Skirmisher (Gargoyle Hunter)                 Turns: 5040, Time: 00:00:31

Health: 0/49       AC: 13    Str: 15    XL:     8   Next: 44%
Magic:  11/11      EV: 11    Int: 10    God:    Okawaru [**....]
Gold:   326        SH:  0    Dex: 15    Spells: 7/7 levels left

rFire   + . .        a - +1 shortbow
rCold   . . .        (shield currently unavailable)
rNeg    + . .        i - +0 ring mail
rPois   inf          (no helmet)
rElec   +            f - +0 cloak
rCorr   .            d - +0 pair of gloves
SInv    +            (no boots)
Will    .....        g - amulet of the acrobat
Stlth   +            l - ring of see invisible
HPRegen 0.28/turn    h - ring of protection from fire
MPRegen 0.12/turn

%: acrobat
@: no status effects
A: sickness immunity, AC +5, negative energy resistance 1, electricity
resistance, torment resistance 1, petrification resistance
a: Renounce Religion, Heroism


You were on level 6 of the Dungeon.
You worshipped Okawaru.
Okawaru was pleased with you.
You visited 1 branch of the dungeon, and saw 6 of its levels.

You collected 326 gold pieces.


Innate Abilities, Weirdness & Mutations

You are immune to sickness and miasma.
Your stone body is resilient. (AC +5)
You are immune to poison.
You resist negative energy. (rN+)
You are resistant to electric shocks. (rElec)
You are resistant to unholy torment.
You are immune to petrification.


   Skills:
 - Level 5.1 Fighting
 + Level 8.2 Ranged Weapons
 - Level 2.0 Armour
 - Level 2.5 Dodging
 - Level 1.1 Stealth
 - Level 4.0 Invocations


You had 7 spell levels left.
You didn't know any spells.
Your spell library was empty.

Inventory:

Hand Weapons
 a - a +1 shortbow (weapon)
Armour
 d - a +0 pair of gloves (worn)
 f - a +0 cloak (worn)
 i - a +0 ring mail (worn)
Jewellery
 g - an amulet of the acrobat (around neck)
 h - a ring of protection from fire (right hand)
 l - a ring of see invisible (left hand)
 Y - a ring of positive energy
Wands
 e - a wand of polymorph (3)
 n - a wand of flame (30)
Potions
 b - a potion of curing
 c - a potion of haste {unknown}
 k - a potion of cancellation {unknown}

Dungeon Overview and Level Annotations

Branches:
Dungeon (6/15)             Temple (0/1) D:5

Altars:
Dithmenos
Gozag
Makhleb
Okawaru
Uskayaw
Vehumet
Xom

Annotations:
D:6 Edmund


Message History

You shoot an arrow.
The arrow hits Edmund but does no damage.
Edmund is lightly wounded.
Edmund hits you with a +3 dire flail of protection!
Edmund says, "People think my brother is the best.
I think he's crazy."
Edmund hits you but does no damage.
You shoot an arrow. The arrow barely misses Edmund.
Edmund misses you.
You shoot an arrow. The arrow hits Edmund!
Edmund is moderately wounded.
Edmund hits you with a +3 dire flail of protection!
You shoot an arrow. The arrow hits Edmund.
Edmund is heavily wounded.
Edmund hits you with a +3 dire flail of protection.
You shoot an arrow.
The arrow hits Edmund but does no damage.
Edmund is heavily wounded.
Edmund grinds his teeth, and then sighs.
Edmund barely misses you.
You shoot an arrow. The arrow barely misses Edmund.
Edmund barely misses you.
You shoot an arrow. The arrow closely misses Edmund.
Edmund misses you.
You shoot an arrow. The arrow hits Edmund.
Edmund is heavily wounded.
Edmund misses you.
You shoot an arrow. The arrow barely misses Edmund.
Edmund hits you with a +3 dire flail of protection.
You shoot an arrow. The arrow hits Edmund.
Edmund is heavily wounded.
Edmund hits you with a +3 dire flail of protection.
You shoot an arrow. The arrow hits Edmund.
Edmund is heavily wounded.
Edmund hits you with a +3 dire flail of protection.
You shoot an arrow. The arrow hits Edmund.
Edmund is heavily wounded.
Edmund barely misses you.
Edmund hits you with a +3 dire flail of protection.
You die...
Edmund says, "That'll show my brother!"

......................
.............####+####..
.....###..####.......#..
.....+.....<##.}...}.#..
.....#########.......#..
.............'...}...+..
...........###.......#..
......%....# #.}...}.#.#
.......@...# #.......#..
.#+####@#### ####'####..
#.. #......... .###
#......... . +.........
.< #......... ..
#......... ...
#......... ##########


You could see Edmund.

Vanquished Creatures
  2 black bears
  2 phantoms
  2 scorpions
  2 bombardier beetles
  A jelly (D:4)
  A quasit (D:5)
  2 hounds
  2 orc priests
  A sleepcap (D:5)
  Ijyb (D:3)
  2 iguanas
  2 orc wizards (D:5)
  Terence (D:3)
  3 gnolls (D:4)
  12 adders
  5 white imps (D:5)
  10 ufetubi
  A dart slug (D:4)
  A ribbon worm (D:2)
  11 orcs
  9 ball pythons
  7 bats
  7 endoplasms
  A giant cockroach (D:3)
  10 hobgoblins
  3 jackals (D:5)
  A quokka (D:2)
  4 frilled lizards
  10 goblins
  6 kobolds
  5 rats
127 creatures vanquished.

Notes
Turn   | Place    | Note
-------+----------+-------------------------------------------
     0 | D:1      | qw the Gargoyle Hunter began the quest for the Orb.
     0 | D:1      | Reached XP level 1. HP: 12/12 MP: 1/1
     0 | D:1      | 0 ||| qw: Version: 0.3-a-132-g3d54051
     0 | D:1      | 0 ||| qw: Game counter: 348
     0 | D:1      | 0 ||| qw: Melee chars always use a shield: true
     0 | D:1      | 0 ||| qw: God list: Okawaru
     0 | D:1      | 0 ||| qw: Allow faded altars: false
     0 | D:1      | 0 ||| qw: Do Orc after clearing Dungeon:15 true
     0 | D:1      | 0 ||| qw: Do second Lair branch before Depths: true
     0 | D:1      | 0 ||| qw: Lair rune preference: random
     0 | D:1      | 0 ||| qw: Goals: Normal
     0 | D:1      | 0 ||| PLANNING D:1-11
   101 | D:1      | Reached XP level 2. HP: 17/17 MP: 2/2
   132 | D:1      | Found a faded altar of an unknown god.
   675 | D:1      | 675 ||| UPGRADING to +0 pair of gloves.
   680 | D:1      | 680 ||| UPGRADING to +0 cloak.
   685 | D:1      | 685 ||| READING 3 scrolls labelled ROSMIWNANU.
   686 | D:1      | 686 ||| READING scroll labelled ILEKASCH QATZID.
   687 | D:1      | 687 ||| READING 2 scrolls labelled BISOCW ICROCUV.
   688 | D:1      | 688 ||| DROPPING scroll of butterflies.
   689 | D:1      | 689 ||| DROPPING 2 scrolls of blinking.
   732 | D:2      | Reached skill level 5 in Ranged Weapons
   732 | D:2      | Reached XP level 3. HP: 21/21 MP: 3/3
   793 | D:2      | Reached skill level 3 in Fighting
   794 | D:2      | 794 ||| FLEEEEING.
   843 | D:2      | Found an iron altar of Okawaru.
   844 | D:2      | 844 ||| PLANNING OKAWARU WORSHIP
   844 | D:2      | 844 ||| READING scroll of identify.
   844 | D:2      | 844 ||| IDENTIFYING scroll labelled UHIMAOXACW
   849 | D:2      | Became a worshipper of Warmaster Okawaru
   850 | D:2      | 850 ||| PLANNING D:1-11
   930 | D:2      | Reached skill level 1 in Armour
   930 | D:2      | Reached XP level 4. HP: 28/28 MP: 4/4
   942 | D:2      | You fall into a shaft and drop 2 floors!
   955 | D:4      | 955 ||| FLEEEEING.
   961 | D:4      | 961 ||| STAIRDANCE
   971 | D:3      | Found an opulent altar of Gozag.
   972 | D:3      | Found a shimmering altar of Xom.
  1029 | D:3      | 1029 ||| UPGRADING to ring of positive energy.
  1030 | D:3      | 1030 ||| FLEEEEING.
  1033 | D:3      | 1033 ||| STAIRDANCE
  1269 | D:2      | 1269 ||| UPGRADING to ring of protection from fire.
  1270 | D:2      | 1270 ||| READING scroll labelled NAIHUW ZUIRIET.
  1345 | D:3      | Noticed Ijyb
  1346 | D:3      | 1346 ||| FLEEEEING.
  1347 | D:3      | 1347 ||| FLEEEEING.
  1348 | D:3      | 1348 ||| FLEEEEING.
  1349 | D:3      | 1349 ||| FLEEEEING.
  1350 | D:3      | 1350 ||| FLEEEEING.
  1362 | D:3      | 1362 ||| FLEEEEING.
  1363 | D:3      | 1363 ||| FLEEEEING.
  1364 | D:3      | 1364 ||| FLEEEEING.
  1365 | D:3      | 1365 ||| FLEEEEING.
  1366 | D:3      | 1366 ||| FLEEEEING.
  1374 | D:3      | Killed Ijyb
  1450 | D:3      | Reached XP level 5. HP: 32/32 MP: 5/5
  1700 | D:3      | Noticed Terence
  1737 | D:3      | Killed Terence
  1738 | D:3      | Reached skill level 6 in Ranged Weapons
  1739 | D:3      | 1739 ||| FLEEEEING.
  2026 | D:3      | 2026 ||| DROPPING amulet of magic regeneration.
  2027 | D:3      | 2027 ||| UPGRADING to ring of see invisible.
  2029 | D:3      | 2029 ||| READING scroll of identify.
  2029 | D:3      | 2029 ||| IDENTIFYING white potion
  2030 | D:3      | 2030 ||| READING scroll labelled UMOOLLA GOATY.
  2031 | D:3      | 2031 ||| READING scroll labelled KUYPTU ODWYNO.
  2032 | D:3      | 2032 ||| READING scroll labelled JYHULU DIUM.
  2033 | D:3      | 2033 ||| FLEEEEING.
  2165 | D:4      | 2165 ||| STAIRDANCE
  2200 | D:4      | Reached XP level 6. HP: 31/38 MP: 6/6
  2200 | D:4      | 2200 ||| STAIRDANCE
  2202 | D:3      | 2202 ||| FLEEEEING.
  2249 | D:4      | Reached * piety under Okawaru
  2250 | D:4      | 2250 ||| FLEEEEING.
  2329 | D:4      | Reached skill level 1 in Invocations
  2364 | D:4      | HP: 8/38 [gnoll/+0 flail (5)]
  2365 | D:4      | 2365 ||| READING scroll of teleportation.
  2365 | D:4      | HP: 1/38 [gnoll/+1 whip of holy wrath (7)]
  2366 | D:4      | 2366 ||| DRINKING potion of heal wounds.
  2500 | D:4      | 2500 ||| FLEEEEING.
  2570 | D:4      | Found a radiant altar of Vehumet.
  2615 | D:4      | Noticed a +0 falchion
  2616 | D:4      | Noticed a +0 dagger
  2617 | D:4      | Noticed a +0 short sword
  2617 | D:4      | Noticed a +0 short sword
  2617 | D:4      | Noticed a +0 spear
  2618 | D:4      | Noticed a +0 dagger
  2618 | D:4      | Noticed a +0 spear
  2619 | D:4      | Noticed a +0 falchion
  2628 | D:4      | 2628 ||| UPGRADING to +0 ring mail.
  2630 | D:4      | 2630 ||| FLEEEEING.
  2631 | D:4      | 2631 ||| FLEEEEING.
  2632 | D:4      | 2632 ||| FLEEEEING.
  2633 | D:4      | 2633 ||| FLEEEEING.
  2635 | D:4      | 2635 ||| FLEEEEING.
  2636 | D:4      | 2636 ||| FLEEEEING.
  2637 | D:4      | 2637 ||| FLEEEEING.
  2638 | D:4      | 2638 ||| FLEEEEING.
  2639 | D:4      | 2639 ||| FLEEEEING.
  2649 | D:4      | Reached XP level 7. HP: 30/43 MP: 8/8
  2667 | D:4      | Reached skill level 7 in Ranged Weapons
  2704 | D:4      | 2704 ||| UPGRADING to +0 ring mail.
  2714 | D:4      | 2714 ||| DROPPING +0 leather armour.
  2823 | D:4      | HP: 9/43 [gnoll/+0 flail (4)]
  2824 | D:4      | 2824 ||| READING scroll of teleportation.
  2826 | D:4      | HP: 3/43 [gnoll/+0 flail (5)]
  2828 | D:4      | 2828 ||| FLEEEEING.
  2833 | D:4      | 2833 ||| STAIRDANCE
  2974 | D:3      | 2974 ||| UPGRADING to amulet of the acrobat.
  3087 | D:4      | Found a burning altar of Makhleb.
  3216 | D:4      | Found a hide-covered altar of Uskayaw.
  3252 | D:5      | Entered Level 5 of the Dungeon
  3303 | D:5      | 3303 ||| FLEEEEING.
  3359 | D:5      | Found a shadowy altar of Dithmenos.
  3376 | D:5      | Reached skill level 3 in Invocations
  3517 | D:5      | 3517 ||| FLEEEEING.
  3547 | D:5      | 3547 ||| FLEEEEING.
  3869 | D:5      | 3869 ||| RETREEEEATING.
  3870 | D:5      | 3870 ||| RETREEEEATING.
  3876 | D:5      | 3876 ||| INVOKING Heroism.
  3878 | D:5      | Reached XP level 8. HP: 42/48 MP: 7/11
  3897 | D:5      | 3897 ||| FLEEEEING.
  3975 | D:5      | Reached skill level 8 in Ranged Weapons
  3977 | D:5      | 3977 ||| FLEEEEING.
  4008 | D:5      | Found a staircase to the Ecumenical Temple.
  4501 | D:5      | 4501 ||| FLEEEEING.
  4505 | D:5      | 4505 ||| STAIRDANCE
  4526 | D:4      | 4526 ||| READING scroll of identify.
  4526 | D:4      | 4526 ||| IDENTIFYING smoky cyan potion
  4527 | D:4      | 4527 ||| READING scroll labelled KEOFUPRIMI.
  4527 | D:4      | 4527 ||| ENCHANTING +0 shortbow.
  4528 | D:4      | 4528 ||| DRINKING 3 blue potions.
  4533 | D:4      | 4533 ||| FLEEEEING.
  4643 | D:4      | 4643 ||| DROPPING 2 potions of berserk rage.
  4660 | D:5      | Reached ** piety under Okawaru
  4665 | D:5      | 4665 ||| FLEEEEING.
  4666 | D:5      | 4666 ||| STAIRDANCE
  4826 | D:6      | 4826 ||| INVOKING Heroism.
  4944 | D:6      | 4944 ||| FLEEEEING.
  5015 | D:6      | Noticed Edmund
  5031 | D:6      | HP: 12/49 [Edmund/+3 dire flail of protection (13)]
  5037 | D:6      | HP: 10/49 [Edmund/+3 dire flail of protection (2)]
  5039 | D:6      | HP: 1/49 [Edmund/+3 dire flail of protection (6)]
  5040 | D:6      | Slain by Edmund

Levels and vault maps discovered:
D:1:      minmay_arrival_cross, layout_loops_cross,
          shapermc_ecumenical_altar_pompeii
D:2:      layout_rooms, basic_altar, minivault_27
D:3:      minmay_octagon_keep, layout_basic, gammafunk_temple_overflow_pools,
          chequers_serial_rivers_small_b, chequers_arboretum, minivault_24,
          minmay_cupped, uniq_ijyb, uniq_terence
D:4:      layout_cave_pools, nicolae_vehumet_altar_sigil,
          lightli_temple_of_fire, nicolae_uskayaw_en_pointe
D:5:      layout_loops_corners, grunt_dithmenos_shadows, temple_fountains,
          serial_demonic, serial_demonic_d, serial_demonic_g, serial_demonic_a,
          serial_demonic_b, serial_demonic_e, serial_demonic_c, serial_demonic_c
D:6:      layout_basic, minmay_fountain_box, uniq_pikel, uniq_edmund

Skill      XL: |  1  2  3  4  5  6  7  8 |
---------------+-------------------------+-----
Ranged Weapons | 5 6 7 8 |  8.2
Fighting       | 3 4 5 |  5.1
Armour         | 1 2 |  2.0
Invocations    | 2 4 |  4.0
Dodging        | 2 |  2.5
Stealth        | |  1.1

Action                     |  1- 3 |  4- 6 |  7- 9 || total
---------------------------+-------+-------+-------++-------
   Fire: Shortbow          |    89 |   245 |   304 ||   638
 Invoke: Heroism           |       |       |     2 ||     2
    Use: Scroll            |     4 |     6 |     3 ||    13
         Potion            |       |     1 |     1 ||     2
 Armour: Leather armour    |    21 |   148 |     9 ||   178
         Ring mail         |       |       |   269 ||   269
  Dodge: Dodged            |    22 |   143 |   244 ||   409

Table legend:
 A = Non-vault XP
 B = Vault XP
 C = Vault XP percentage of total XP
 D = Non-vault monster count
 E = Vault monster count
 F = Vault count percentage of total count
                 A         B        C        D         E       F
            +---------+---------+-------+---------+---------+-------
      Total |    1359 |     348 |  20.4 |      97 |      30 |  23.6
            +---------+---------+-------+---------+---------+-------
        D:1 |      26 |       0 |   0.0 |      18 |       0 |   0.0
        D:2 |      74 |       0 |   0.0 |      16 |       0 |   0.0
        D:3 |     102 |      99 |  49.3 |      15 |      17 |  53.1
        D:4 |     393 |       0 |   0.0 |      25 |       0 |   0.0
        D:5 |     521 |     249 |  32.3 |      16 |      13 |  44.8
        D:6 |     243 |       0 |   0.0 |       7 |       0 |   0.0
            +---------+---------+-------+---------+---------+-------
